[Event "Titled Tuesday Blitz September 13 Early 2022"]
[White "Koustav, Chatterjee"]
[Black "Kosakowski, Jakub"]
[WhiteFideId "25073060"]
[BlackFideId "1185080"]
[WhiteElo "2196"]
[BlackElo "2453"]
[Result "1-0"]
[Round "07"]
[TimeControl "180+1"]
[Date "2022.09.13"]
[WhiteClock "0:00:11"]
[BlackClock "0:00:04"]

1. d4 d5 2. Nf3 Nf6 3. Bf4 c5 4. e3 Nc6 5. Nbd2 cxd4 6. exd4 Bf5 7. Bb5 e6 8. c4 Be7 9. O-O O-O 10. c5 Rc8 11. Qa4 Ne4 12. Nb3 g5 13. Be3 g4 14. Bxc6 Rxc6 15. Ne5 Rc7 16. Bh6 Re8 17. f3 gxf3 18. Rxf3 Bg5 19. Bxg5 Nxg5 20. Rg3 f6 21. h4 Rg7 22. hxg5 fxe5 23. dxe5 Rf8 24. Qh4 Be4 25. Nd4 Qe8 26. Rf1 Rxf1+ 27. Kxf1 Qg6 28. Kg1 Rf7 29. Qh6 Re7 30. Qxg6+ hxg6 31. b4 Kf7 32. Rh3 Ke8 33. Rh8+ Kd7 34. a4 Rf7 35. b5 a6 36. Ra8 Rf4 37. Ra7 Rg4 38. Rxb7+ Kc8 39. c6 Rxg2+ 40. Kf1 Rd2 41. Nxe6 d4 42. Rc7+ Kb8 43. Rd7 axb5 44. axb5 Bf5 45. Rd8+ Ka7 46. Nxd4 Bh3+ 47. Ke1 Rd3 48. c7 Kb6 49. Nc6 Re3+ 50. Kd2 Re4 51. c8=Q Bxc8 52. Rxc8 Kxb5 53. Kd3 Re1 54. Nd4+ Kb6 55. e6 1-0


[Site "https://www.chess.com"]

[Event "Titled Tuesday Blitz September 13 Early 2022"]
[White "Le, Tuan Minh"]
[Black "Bluebaum, Matthias"]
[WhiteFideId "12401153"]
[BlackFideId "24651516"]
[WhiteElo "2530"]
[BlackElo "2633"]
[Result "1-0"]
[Round "07"]
[TimeControl "180+1"]
[Date "2022.09.13"]
[WhiteClock "0:00:19"]
[BlackClock "0:00:06"]

1. d4 Nf6 2. Nf3 d5 3. Bf4 c5 4. c3 Nc6 5. e3 Qb6 6. Qc2 Nh5 7. Bg3 Bg4 8. dxc5 Qxc5 9. Nbd2 e6 10. Qa4 Nxg3 11. hxg3 Bf5 12. Nh4 Be7 13. Nxf5 exf5 14. Be2 g6 15. O-O h5 16. Nf3 Kf8 17. Rfd1 Rd8 18. Qb5 Qxb5 19. Bxb5 Bf6 20. Rd2 Ke7 21. Rad1 Ke6 22. Ne1 a6 23. Be2 Ne5 24. Bf3 Nxf3+ 25. gxf3 Be7 26. Nd3 g5 27. f4 g4 28. Nc1 h4 29. Kg2 hxg3 30. fxg3 Rh3 31. Rh1 Rxh1 32. Kxh1 Bf6 33. Nb3 Rc8 34. Kg2 b6 35. a3 a5 36. Kf2 Rh8 37. Kg2 Rc8 38. Rd1 Rh8 39. Nd2 Rc8 40. a4 Rb8 41. Ra1 b5 42. axb5 Rxb5 43. Ra2 Kd6 44. Kf2 Kc5 45. Ke2 Rb8 46. Rxa5+ Kc6 47. Ra6+ Rb6 48. Rxb6+ Kxb6 49. Kd3 Kc5 50. Nb3+ Kd6 51. Nd4 1-0


[Site "https://www.chess.com"]

[Event "Titled Tuesday Blitz September 13 Early 2022"]
[White "Lenderman, Aleksandr"]
[Black "Belov, Vladimir"]
[WhiteFideId "2021285"]
[BlackFideId "4132394"]
[WhiteElo "2607"]
[BlackElo "2501"]
[Result "1-0"]
[Round "07"]
[TimeControl "180+1"]
[Date "2022.09.13"]
[WhiteClock "0:00:51"]
[BlackClock "0:00:11"]

1. e4 c5 2. c3 d5 3. exd5 Qxd5 4. Nf3 Nf6 5. d4 Bg4 6. Be2 e6 7. O-O Nc6 8. h3 Bh5 9. Be3 cxd4 10. cxd4 Be7 11. Nc3 Qd6 12. Qa4 O-O 13. Rfd1 Rfd8 14. Rac1 Qb4 15. Qxb4 Nxb4 16. a3 Nbd5 17. Nxd5 Nxd5 18. Bd2 Rac8 19. g4 Bg6 20. Ne5 Bc2 21. Re1 Bb3 22. Rxc8 Rxc8 23. Rc1 Rd8 24. Bf3 f6 25. Nd3 b6 26. Kf1 Kf7 27. Ke2 Bd6 28. Be4 h6 29. Nb4 Nxb4 30. axb4 Rd7 31. Rc8 Rc7 32. Ra8 Bd5 33. Bxd5 exd5 34. Kd3 Rd7 35. b5 Kg6 36. Rc8 h5 37. f3 hxg4 38. hxg4 Kf7 39. f4 Rc7 40. Rd8 Ke7 41. Ra8 Rd7 42. f5 Rc7 43. g5 fxg5 44. Bxg5+ Kf7 45. Rd8 Be7 46. Bxe7 Kxe7 47. Rxd5 Kf6 48. Ke4 Rc1 49. Rd6+ Kf7 50. Rd7+ Kf6 51. Rxa7 Rb1 52. Rb7 Re1+ 53. Kd5 Rb1 54. Kc6 Rxb2 55. Kxb6 Rc2 56. d5 Ke5 57. Rxg7 Kxd5 58. Kb7 Ke5 59. b6 1-0


[Site "https://www.chess.com"]

[Event "Titled Tuesday Blitz September 13 Early 2022"]
[White "Lin, Dachey"]
[Black "Ibarra Jerez, Jose Carlos"]
[WhiteFideId "2029650"]
[BlackFideId "2226332"]
[WhiteElo "2313"]
[BlackElo "2627"]
[Result "1-0"]
[Round "07"]
[TimeControl "180+1"]
[Date "2022.09.13"]
[WhiteClock "0:00:16"]
[BlackClock "0:00:03"]

1. Nc3 c5 2. e4 a6 3. f4 b5 4. Nf3 Bb7 5. d3 e6 6. g3 d5 7. Bg2 b4 8. Ne2 dxe4 9. Nd2 exd3 10. Bxb7 dxe2 11. Qxe2 Ra7 12. Bg2 Nf6 13. Nc4 Be7 14. O-O O-O 15. Be3 Qc7 16. a3 bxa3 17. Rxa3 Nc6 18. c3 Nd5 19. Bf2 g6 20. Rfa1 Qc8 21. Na5 Nb8 22. Ra4 Rd8 23. Nc4 Bf6 24. Ra5 Rc7 25. Nd2 Nxc3 26. bxc3 Bxc3 27. Ne4 Bxa5 28. Nf6+ Kg7 29. Qe5 Kf8 30. Nxh7+ Kg8 31. Nf6+ Kf8 32. Rxa5 Rd1+ 33. Bf1 Nc6 34. Bxc5+ Ne7 35. Kf2 Qd8 36. Rxa6 Rxc5 37. Qxc5 Qd2+ 38. Be2 Qe1+ 39. Kf3 Qh1+ 40. Kg4 Rd2 41. Ra7 Kg7 42. Qxe7 1-0


[Site "https://www.chess.com"]

[Event "Titled Tuesday Blitz September 13 Early 2022"]
[White "Maksimovic, Bojan"]
[Black "Zhigalko, Sergei"]
[WhiteFideId "14408120"]
[BlackFideId "13502956"]
[WhiteElo "2447"]
[BlackElo "2662"]
[Result "0-1"]
[Round "07"]
[TimeControl "180+1"]
[Date "2022.09.13"]
[WhiteClock "0:00:39"]
[BlackClock "0:00:04"]

1. e4 c5 2. Nf3 Nc6 3. Bb5 Nf6 4. Nc3 Qc7 5. O-O Nd4 6. e5 Nxf3+ 7. Qxf3 Qxe5 8. d3 e6 9. Bf4 Qh5 10. Qg3 a6 11. Bc4 b5 12. Bb3 Bb7 13. Rfe1 Qg6 14. Qh3 Be7 15. a4 b4 16. Ne2 O-O 17. Ng3 Rac8 18. Nf5 Rfe8 19. Nxe7+ Rxe7 20. Bd6 Ree8 21. Re3 Qg4 22. Qxg4 Nxg4 23. Rg3 Nh6 24. Be5 Nf5 25. Rg5 d5 26. a5 c4 27. Ba4 Bc6 28. dxc4 Bxa4 29. Rxa4 Rxc4 30. c3 h6 31. Rh5 Re4 32. f4 f6 33. Bc7 Rc8 34. Bb6 bxc3 35. Rxe4 c2 36. Re1 c1=Q 37. Rxc1 Rxc1+ 38. Kf2 Rc2+ 39. Ke1 Rxb2 40. g4 Nd6 41. g5 hxg5 42. fxg5 Nf5 43. gxf6 gxf6 44. Rh3 Kg7 45. Rc3 d4 46. Rc6 e5 47. Bd8 d3 48. Bxf6+ Kf7 49. Bxe5 Re2+ 50. Kd1 Ne3+ 51. Kc1 d2+ 52. Kb1 d1=Q+ 53. Rc1 Qb3+ 0-1


[Site "https://www.chess.com"]

[Event "Titled Tuesday Blitz September 13 Early 2022"]
[White "Malek, Jan"]
[Black "Svane, Rasmus"]
[WhiteFideId "21864080"]
[BlackFideId "4657101"]
[WhiteElo "2172"]
[BlackElo "2674"]
[Result "0-1"]
[Round "07"]
[TimeControl "180+1"]
[Date "2022.09.13"]
[WhiteClock "0:00:07"]
[BlackClock "0:00:09"]

1. b3 d5 2. Bb2 Bg4 3. c4 e6 4. h3 Bf5 5. Nf3 h6 6. e3 Nf6 7. Nc3 c6 8. Be2 Bd6 9. O-O O-O 10. cxd5 cxd5 11. Nd4 Bh7 12. f4 Nc6 13. Ncb5 Be7 14. Rc1 Qd7 15. Nf3 Rfc8 16. Ne5 Nxe5 17. fxe5 Ne4 18. Rxc8+ Rxc8 19. Nxa7 Ra8 20. Bd4 Ng3 21. Bb5 Qd8 22. Rf4 Nf5 23. Bd3 Nxd4 24. Bxh7+ Kxh7 25. exd4 Rxa7 26. Rxf7 Kg8 27. Qh5 Bf8 28. Qg6 Ra6 29. Rxb7 Qc8 30. Qf7+ Kh7 31. Rc7 Qd8 32. Rd7 Qa8 33. h4 Rxa2 34. Qxe6 Rxd2 35. Qf5+ Kg8 36. e6 Qa1+ 37. Kh2 Qxd4 38. Qf7+ Kh7 39. Qf5+ Kg8 40. e7 Qxh4+ 41. Qh3 Qf4+ 42. Qg3 Qxg3+ 43. Kxg3 Bxe7 44. Rxe7 Rd3+ 45. Kf4 Rxb3 46. Rd7 Rd3 47. g4 Rd4+ 48. Kf5 Kh7 49. Rd8 Rd1 50. Ke5 Re1+ 51. Kf5 Rf1+ 52. Ke5 Re1+ 53. Kf5 Rd1 54. Ke5 d4 55. Rxd4 Rxd4 56. Kxd4 Kg6 57. Ke4 Kg5 58. Kf3 Kh4 59. Kf4 g6 60. Kf3 g5 0-1


[Site "https://www.chess.com"]

[Event "Titled Tuesday Blitz September 13 Early 2022"]
[White "Melikyan, Gnel"]
[Black "Cardoso Cardoso, Jose Gabriel"]
[WhiteFideId "54109990"]
[BlackFideId "4430492"]
[WhiteElo "1772"]
[BlackElo "2485"]
[Result "0-1"]
[Round "07"]
[TimeControl "180+1"]
[Date "2022.09.13"]
[WhiteClock "0:00:02"]
[BlackClock "0:00:09"]

1. e4 g6 2. Nc3 Bg7 3. b3 c5 4. Bb2 Nc6 5. g3 h5 6. h4 d6 7. Bg2 Bg4 8. Bf3 Bd7 9. Nge2 Ne5 10. Bg2 Bg4 11. Nd5 Rh7 12. Rb1 Nf3+ 13. Kf1 Bxb2 14. Rxb2 e6 15. Ne3 Qf6 16. c3 Ne7 17. Nxg4 hxg4 18. Nf4 Nc6 19. Bxf3 gxf3 20. Nh3 Rh5 21. Kg1 Ne5 22. d4 cxd4 23. Qxd4 Rd8 24. Nf4 Rh8 25. Rd2 g5 26. hxg5 Rxh1+ 27. Kxh1 Qxg5 28. Qxa7 Ng4 29. Kg1 Qh6 30. Qa4+ Kf8 0-1


[Site "https://www.chess.com"]

[Event "Titled Tuesday Blitz September 13 Early 2022"]
[White "Movahed, Sina"]
[Black "Gokerkan, Cem Kaan"]
[WhiteFideId "42520835"]
[BlackFideId "6336760"]
[WhiteElo "2117"]
[BlackElo "2364"]
[Result "1/2-1/2"]
[Round "07"]
[TimeControl "180+1"]
[Date "2022.09.13"]
[WhiteClock "0:00:24"]
[BlackClock "0:00:17"]

1. e4 Nf6 2. e5 Nd5 3. c4 Nb6 4. d4 d6 5. f4 dxe5 6. fxe5 Bf5 7. Nc3 e6 8. Be3 Bb4 9. Nf3 c5 10. a3 cxd4 11. axb4 dxe3 12. Qxd8+ Kxd8 13. c5 N6d7 14. Bb5 Ke7 15. h3 Nc6 16. Bxc6 bxc6 17. Ra5 Rhb8 18. Na2 Be4 19. Ke2 Bd5 20. Ra1 Bxa2 21. R1xa2 Rxb4 22. Kxe3 Rb3+ 23. Ke4 Rab8 24. R2a4 Rxb2 25. Nd4 R8b4 26. Rxb4 Rxb4 27. Rxa7 Rc4 28. Rc7 Kd8 29. Rxc6 Rxc5 30. Rxc5 Nxc5+ 31. Ke3 Kd7 32. g4 h6 33. h4 Kc7 34. h5 Kb6 35. Nf3 Kc7 36. Kd4 Nd7 37. g5 Kd8 38. gxh6 gxh6 39. Nh2 f5 40. exf6 Nxf6 41. Ke5 Ke7 42. Nf3 Nxh5 43. Nd4 Ng7 44. Nc6+ Kf7 45. Kf4 Kf6 46. Ne5 Nh5+ 47. Ke4 Ng3+ 48. Kf4 Ne2+ 49. Ke4 Nc3+ 50. Kf4 Nd5+ 51. Ke4 Kg5 52. Nf7+ Kg6 53. Ne5+ Kf6 54. Nd7+ Kg5 55. Ke5 Nf4 56. Nf6 h5 57. Nxh5 Kxh5 58. Kxf4 Kg6 59. Ke5 Kf7 60. Ke4 Kf6 61. Kf4 e5+ 62. Ke4 Ke6 63. Ke3 Kf5 64. Kf3 e4+ 65. Ke3 Ke5 66. Ke2 Kf4 67. Kf2 Kf5 68. Ke3 Ke5 69. Ke2 Kf4 70. Kf2 e3+ 71. Ke2 Ke4 72. Ke1 Kf3 73. Kf1 Kf4 74. Ke1 Ke4 75. Ke2 Kd4 76. Ke1 Kd3 77. Kd1 Kc4 78. Ke2 Kd4 79. Ke1 Ke4 80. Ke2 Kf4 81. Ke1 Kf3 82. Kf1 e2+ 83. Ke1 Kg3 84. Kxe2 1/2-1/2


[Site "https://www.chess.com"]

[Event "Titled Tuesday Blitz September 13 Early 2022"]
[White "Narayanan, Srinath"]
[Black "Aloma Vidal, Robert"]
[WhiteFideId "5018420"]
[BlackFideId "2260409"]
[WhiteElo "2459"]
[BlackElo "2435"]
[Result "1-0"]
[Round "07"]
[TimeControl "180+1"]
[Date "2022.09.13"]
[WhiteClock "0:00:14"]
[BlackClock "0:00:08"]

1. Nf3 d5 2. e3 Nf6 3. c4 e6 4. b3 Bd6 5. Bb2 O-O 6. Nc3 Nbd7 7. Rc1 c6 8. g3 e5 9. cxd5 cxd5 10. Nb5 Bb8 11. d4 e4 12. Ne5 a6 13. Nxd7 Bxd7 14. Nc3 Bd6 15. Bg2 Re8 16. O-O Bg4 17. f3 exf3 18. Bxf3 Bxf3 19. Qxf3 Bb4 20. Na4 Qe7 21. Nc5 Bd2 22. Rc2 Qxe3+ 23. Kg2 b6 24. Qxe3 Bxe3 25. Na4 Re6 26. Re1 Rae8 27. Rce2 Nd7 28. Rc2 b5 29. Nc5 Nxc5 30. dxc5 d4 31. Rd1 h5 32. Bxd4 Bxd4 33. Rxd4 Re2+ 34. Rxe2 Rxe2+ 35. Kf3 Rxa2 36. h4 a5 37. Ke4 a4 38. bxa4 bxa4 39. Kd5 Kf8 40. Kd6 a3 41. Ra4 Rd2+ 42. Kc7 a2 43. c6 Ke7 44. Ra7 Rb2 45. Kc8+ Ke8 46. c7 f6 47. Ra3 g5 48. Ra4 g4 49. Re4+ Kf7 50. Ra4 Ke7 51. Re4+ Kf7 52. Ra4 f5 53. Kd7 Rd2+ 54. Kc6 Rc2+ 55. Kd6 Rd2+ 56. Ke5 Rc2 57. Ra7 Ke7 58. c8=Q+ 1-0


[Site "https://www.chess.com"]

[Event "Titled Tuesday Blitz September 13 Early 2022"]
[White "Piesik, Piotr"]
[Black "Kravtsiv, Martyn"]
[WhiteFideId "1136194"]
[BlackFideId "14113147"]
[WhiteElo "2221"]
[BlackElo "2694"]
[Result "1-0"]
[Round "07"]
[TimeControl "180+1"]
[Date "2022.09.13"]
[WhiteClock "0:00:04"]
[BlackClock "0:00:01"]

1. Nf3 Nf6 2. g3 b6 3. Bg2 Bb7 4. O-O g6 5. c4 Bg7 6. Nc3 O-O 7. d3 d6 8. e4 Nbd7 9. Ne1 e5 10. f4 exf4 11. gxf4 Nh5 12. d4 f5 13. e5 Bxg2 14. Nxg2 c5 15. dxc5 dxe5 16. Qd5+ Kh8 17. c6 Nc5 18. fxe5 Qe7 19. Qd6 Qxe5 20. Qxe5 Bxe5 21. Be3 Rac8 22. Rae1 Nd3 23. Re2 Rxc6 24. Bh6 Re8 25. Rd1 Rd6 26. Nb5 Rdd8 27. Kf1 a6 28. Na7 f4 29. Nh4 Bf6 30. Rxd3 Rxe2 31. Rxd8+ Bxd8 32. Kxe2 Bxh4 33. Kf3 Bf6 34. b4 Be5 35. Nc8 b5 36. cxb5 axb5 37. Na7 Kg8 38. Nxb5 Kf7 39. a4 Ke6 40. a5 Kd5 41. a6 Kc6 42. a7 Kb7 43. Bf8 Nf6 44. Bc5 g5 45. Na3 g4+ 46. Kg2 Ne4 47. Nc4 Bc7 48. Bd4 h5 49. Na5+ Bxa5 50. bxa5 f3+ 51. Kf1 Nd6 52. Kf2 Nb5 53. Be3 Nxa7 54. Kg3 Nc6 55. Kh4 Ne5 56. Kxh5 Ka6 57. Kg5 Kxa5 58. Kf4 Nc4 59. Bf2 Nd2 60. Kxg4 Ne4 61. Kxf3 Nf6 62. Kf4 Kb5 63. Kf5 Ng8 64. h4 Kc6 65. Ke6 Nh6 66. Be3 Ng4 67. Bg5 Kc5 68. Kf5 1-0


[Site "https://www.chess.com"]

[Event "Titled Tuesday Blitz September 13 Early 2022"]
[White "Rustemov, Alexander"]
[Black "Halkias, Stelios"]
[WhiteFideId "4119002"]
[BlackFideId "4201809"]
[WhiteElo "2858"]
[BlackElo "2453"]
[Result "1/2-1/2"]
[Round "07"]
[TimeControl "180+1"]
[Date "2022.09.13"]
[WhiteClock "0:00:10"]
[BlackClock "0:00:15"]

1. d4 Nf6 2. c4 g6 3. Nf3 Bg7 4. g3 c5 5. Bg2 cxd4 6. Nxd4 Nc6 7. O-O h5 8. h4 O-O 9. Nc3 Ng4 10. e3 Nge5 11. b3 d6 12. Bb2 Bg4 13. f3 Bd7 14. Qd2 Rc8 15. Rac1 a6 16. Nd5 e6 17. Nf4 Qe7 18. Rfd1 Rfd8 19. e4 Nxd4 20. Bxd4 Bc6 21. Bb6 Rd7 22. Kh2 Bh6 23. Be3 Bxe4 24. Rf1 Kh7 25. fxe4 Ng4+ 26. Kh1 Nxe3 27. Qxe3 e5 28. Qf2 exf4 29. gxf4 Rdc7 30. Rcd1 b5 31. e5 dxe5 32. f5 bxc4 33. bxc4 Rxc4 34. fxg6+ fxg6 35. Qf7+ Qxf7 36. Rxf7+ Kh8 37. Rdd7 Rxh4+ 38. Kg1 Be3+ 39. Kf1 Rf4+ 40. Ke2 Rxf7 41. Rxf7 Rc2+ 42. Kf1 Bd4 43. Be4 h4 44. Bxg6 Kg8 45. Rh7 Rf2+ 46. Ke1 Rf4 47. Ke2 Rg4 48. Bf5 Rg5 49. Be4 Rg4 50. Bf5 Rg2+ 51. Kd3 Rxa2 52. Rxh4 Ra3+ 53. Ke4 Kg7 54. Rg4+ Kf6 55. Rg6+ Kf7 56. Rc6 Ra5 57. Be6+ Ke7 58. Bc4 Ra3 59. Rxa6 Rxa6 60. Bxa6 Bb2 1/2-1/2


[Site "https://www.chess.com"]

[Event "Titled Tuesday Blitz September 13 Early 2022"]
[White "Sadhwani, Raunak"]
[Black "Timmermans, Mark"]
[WhiteFideId "35093487"]
[BlackFideId "1026399"]
[WhiteElo "2656"]
[BlackElo "2460"]
[Result "1-0"]
[Round "07"]
[TimeControl "180+1"]
[Date "2022.09.13"]
[WhiteClock "0:00:13"]
[BlackClock "0:00:16"]

1. e4 e5 2. Nf3 Nc6 3. Bc4 Nf6 4. d3 Be7 5. O-O O-O 6. Nc3 d6 7. a4 Kh8 8. a5 a6 9. h3 Ng8 10. Nd5 f5 11. c3 Bf6 12. Re1 Nce7 13. Nxf6 Nxf6 14. Bb3 Qe8 15. exf5 Bxf5 16. d4 e4 17. Nh2 d5 18. Nf1 Qg6 19. Ng3 c6 20. Bf4 Rae8 21. Bc2 Bc8 22. Be5 Nd7 23. Bc7 Nf5 24. Nxf5 Rxf5 25. Re3 Qf7 26. f3 Rg5 27. fxe4 Nc5 28. Be5 Nxe4 29. Bxe4 dxe4 30. Qe2 Qg6 31. Rf1 Kg8 32. Kh2 Be6 33. Rf4 h5 34. Qf2 Rf5 35. Rxf5 Bxf5 36. Rg3 e3 37. Qe2 Bd3 38. Qxe3 Qh7 39. Qxd3 1-0


[Site "https://www.chess.com"]

[Event "Titled Tuesday Blitz September 13 Early 2022"]
[White "Salem, A.R. Saleh"]
[Black "Al-Tarboush, Ward"]
[WhiteFideId "9301348"]
[BlackFideId "7601450"]
[WhiteElo "2628"]
[BlackElo "2234"]
[Result "1-0"]
[Round "07"]
[TimeControl "180+1"]
[Date "2022.09.13"]
[WhiteClock "0:02:00"]
[BlackClock "0:00:03"]

1. d4 d5 2. c4 c6 3. Nc3 Nf6 4. Nf3 dxc4 5. e4 b5 6. e5 Nd5 7. a4 e6 8. Be2 Bb7 9. O-O Be7 10. Ne4 h6 11. Bd2 a6 12. b3 cxb3 13. Qxb3 Nd7 14. Ne1 Qb6 15. Nc2 c5 16. Qg3 g5 17. Rab1 Bc6 18. Nd6+ Bxd6 19. exd6 cxd4 20. Rfe1 Nf4 21. Bxf4 gxf4 22. Qxf4 Rg8 23. g3 e5 24. Bh5 O-O-O 25. Qd2 Qc5 26. Nb4 Nb6 27. Nxc6 Qxc6 28. axb5 axb5 29. Bxf7 Rgf8 30. Rec1 Nc4 31. Be6+ Rd7 32. Qa2 Kd8 33. Rxc4 Qxd6 34. Rxb5 Qxe6 35. Rc8+ Ke7 36. Qxe6+ Kxe6 37. Rxf8 d3 38. Rb1 1-0


[Site "https://www.chess.com"]

[Event "Titled Tuesday Blitz September 13 Early 2022"]
[White "Sarana, Alexey"]
[Black "Samsonkin, Artiom"]
[WhiteFideId "24133795"]
[BlackFideId "13503111"]
[WhiteElo "2689"]
[BlackElo "2524"]
[Result "1-0"]
[Round "07"]
[TimeControl "180+1"]
[Date "2022.09.13"]
[WhiteClock "0:00:14"]
[BlackClock "0:00:01"]

1. c4 Nf6 2. Nc3 e6 3. d4 Bb4 4. e3 O-O 5. Bd3 d5 6. a3 Bxc3+ 7. bxc3 dxc4 8. Bxc4 c5 9. Ne2 e5 10. O-O Nc6 11. Bb2 Na5 12. Ba2 Be6 13. Bxe6 fxe6 14. dxe5 Ng4 15. Nf4 Qh4 16. h3 Nxe5 17. Nxe6 Rf6 18. Nf4 Nac4 19. Qd5+ Kh8 20. Rad1 Raf8 21. Bc1 b6 22. Qe4 g5 23. Rd5 Re8 24. Rfd1 gxf4 25. exf4 Rg8 26. Rxe5 Rfg6 27. Re8 Rxg2+ 28. Qxg2 Rxe8 29. Qf3 Rg8+ 30. Kf1 Qf6 31. f5 Ne5 32. Qe4 Nf7 33. Bf4 Qxc3 34. Qd5 Qf6 35. Re1 Rf8 36. Re6 Qa1+ 37. Ke2 Qb2+ 38. Bd2 1-0


[Site "https://www.chess.com"]

[Event "Titled Tuesday Blitz September 13 Early 2022"]
[White "Sargsyan, Anna M."]
[Black "Ceres, Dragos"]
[WhiteFideId "13308130"]
[BlackFideId "13905864"]
[WhiteElo "2271"]
[BlackElo "2150"]
[Result "1-0"]
[Round "07"]
[TimeControl "180+1"]
[Date "2022.09.13"]
[WhiteClock "0:00:01"]
[BlackClock "0:00:01"]

1. d4 d5 2. c4 e6 3. Nf3 a6 4. cxd5 exd5 5. Qb3 h6 6. e4 dxe4 7. Ne5 Be6 8. Bc4 Bxc4 9. Qxc4 Qe7 10. Nc3 Nf6 11. O-O Nbd7 12. Qxc7 Nxe5 13. Qxe5 Qxe5 14. dxe5 Nd7 15. Nxe4 Nxe5 16. Re1 O-O-O 17. Bf4 Nd3 18. Red1 Be7 19. Be3 Rd7 20. Rd2 Rhd8 21. h3 Ne5 22. Rc2+ Nc6 23. Kh2 Rd1 24. Rxd1 Rxd1 25. a3 f5 26. Nc5 Bd6+ 27. g3 g5 28. Nxa6 f4 29. Bc5 fxg3+ 30. fxg3 bxa6 31. Bf2 Kb7 32. Kg2 Ne5 33. Re2 Kc6 34. h4 g4 35. b4 Kd5 36. Be3 h5 37. Bg5 Nf3 38. Kf2 Bc7 39. Rc2 Bb6+ 40. Ke2 Re1+ 41. Kd3 Ne5+ 42. Kc3 Bd4+ 43. Kb3 Rb1+ 44. Ka4 Rg1 45. Bf4 Nd3 46. Bb8 Nb2+ 47. Ka5 Nc4+ 48. Kxa6 Nxa3 49. Rd2 Nc4 50. Rxd4+ Kxd4 51. Ba7+ Kc3 52. Bxg1 Kxb4 53. Kb7 Kc3 54. Kc6 Kd3 55. Kd5 Ne3+ 56. Ke5 Nf1 57. Kf4 Ke2 58. Bc5 Nd2 59. Ba7 Kf1 60. Kg5 Kg2 61. Bb8 Ne4+ 62. Kxh5 Nxg3+ 63. Kxg4 Ne4 64. Be5 Nf2+ 65. Kg5 Ne4+ 66. Kf4 Nc5 67. h5 Kh3 68. h6 Ne6+ 69. Kf5 Nf8 70. Bg7 Nd7 71. h7 1-0


[Site "https://www.chess.com"]

[Event "Titled Tuesday Blitz September 13 Early 2022"]
[White "Seo, Jung Min"]
[Black "Shandrygin, Nikita"]
[WhiteFideId "1734687"]
[BlackFideId "24198668"]
[WhiteElo "2455"]
[BlackElo "2323"]
[Result "0-1"]
[Round "07"]
[TimeControl "180+1"]
[Date "2022.09.13"]
[WhiteClock "0:00:32"]
[BlackClock "0:00:17"]

1. d4 d5 2. c4 Nc6 3. Nf3 Bg4 4. cxd5 Bxf3 5. gxf3 Qxd5 6. e3 e5 7. Nc3 Bb4 8. a3 Bxc3+ 9. bxc3 Nf6 10. Rb1 O-O 11. Be2 Rab8 12. Qb3 Qd6 13. a4 Rfe8 14. Kf1 a6 15. h4 Qd7 16. Bb2 Qf5 17. Rd1 e4 18. Qc2 b5 19. axb5 axb5 20. Ba3 Na5 21. f4 Nc4 22. Bc5 h5 23. Qb3 Qd5 24. Ke1 Nxe3 25. Qxd5 Nexd5 26. Kd2 Nxf4 27. Bf1 N4d5 28. Rb1 Ng4 29. Bxb5 Red8 30. c4 Nxf2 31. Rhf1 e3+ 32. Ke2 Nc3+ 33. Kxe3 Ng4+ 34. Kd3 Nxb1 35. Rxb1 c6 0-1


[Site "https://www.chess.com"]

[Event "Titled Tuesday Blitz September 13 Early 2022"]
[White "Shimanov, Aleksandr"]
[Black "Grandelius, Nils"]
[WhiteFideId "4198603"]
[BlackFideId "1710400"]
[WhiteElo "2605"]
[BlackElo "2617"]
[Result "0-1"]
[Round "07"]
[TimeControl "180+1"]
[Date "2022.09.13"]
[WhiteClock "0:00:05"]
[BlackClock "0:00:42"]

1. e4 c5 2. Nf3 Nc6 3. Nc3 d6 4. d4 cxd4 5. Nxd4 e5 6. Nb3 Be6 7. Be3 Nf6 8. Be2 Be7 9. g4 d5 10. exd5 Nxd5 11. Nxd5 Qxd5 12. Bf3 Qc4 13. c3 O-O 14. Qe2 Qa4 15. Nc5 Bxc5 16. Bxc5 Rfd8 17. Qe4 Qb5 18. b4 Bd5 19. Qe2 Bc4 20. Qb2 Bd3 21. Qb3 Na5 22. bxa5 Qxc5 23. Qb4 Qc7 24. Rd1 e4 25. Be2 Bxe2 26. Kxe2 Qf4 27. Rxd8+ Rxd8 28. Rb1 Rd2+ 29. Ke1 Qxf2# 0-1


[Site "https://www.chess.com"]

[Event "Titled Tuesday Blitz September 13 Early 2022"]
[White "Tari, Aryan"]
[Black "Donchenko, Alexander"]
[WhiteFideId "1510045"]
[BlackFideId "24603295"]
[WhiteElo "2612"]
[BlackElo "2572"]
[Result "1-0"]
[Round "07"]
[TimeControl "180+1"]
[Date "2022.09.13"]
[WhiteClock "0:00:08"]
[BlackClock "0:00:11"]

1. e4 c5 2. Nc3 e6 3. d4 cxd4 4. Qxd4 Nc6 5. Qd3 Nf6 6. Bf4 Bb4 7. Ne2 O-O 8. O-O-O a6 9. Bd6 Re8 10. Bxb4 Nxb4 11. Qg3 Qa5 12. a3 Nc6 13. f4 d5 14. e5 Nd7 15. Nd4 Nxd4 16. Rxd4 b5 17. Be2 Rb8 18. f5 b4 19. f6 g6 20. axb4 Rxb4 21. Rxb4 Qxb4 22. Qg5 Kh8 23. h4 Qd4 24. Qh6 Rg8 25. h5 g5 26. Bd3 Nf8 27. Bg6 Qa7 28. Bd3 Qe3+ 29. Kb1 Qxe5 30. Rf1 a5 31. Na4 Qd4 32. Nc3 a4 33. Nb5 Qb6 34. Re1 Ba6 35. Re5 Qg1+ 36. Ka2 Qc1 37. Nd6 1-0


[Site "https://www.chess.com"]

[Event "Titled Tuesday Blitz September 13 Early 2022"]
[White "Ter-Sahakyan, Samvel"]
[Black "Martinez Alcantara, Jose Eduardo"]
[WhiteFideId "13302531"]
[BlackFideId "3805662"]
[WhiteElo "2604"]
[BlackElo "2703"]
[Result "1-0"]
[Round "07"]
[TimeControl "180+1"]
[Date "2022.09.13"]
[WhiteClock "0:00:05"]
[BlackClock "0:00:03"]

1. e4 Nc6 2. Nf3 d6 3. d4 Nf6 4. Nc3 g6 5. Be3 Bg7 6. Qd2 Ng4 7. Bg5 h6 8. Bh4 g5 9. Bg3 e5 10. d5 Ne7 11. h4 f6 12. Ng1 f5 13. Bb5+ c6 14. Bc4 f4 15. Bh2 Nf6 16. dxc6 bxc6 17. O-O-O d5 18. Bb3 d4 19. hxg5 hxg5 20. Nf3 Rb8 21. Nxe5 Rxb3 22. cxb3 c5 23. Nc4 O-O 24. f3 Be6 25. Na4 Nd7 26. g3 fxg3 27. Bxg3 Nc6 28. f4 Bxc4 29. bxc4 Qb8 30. e5 gxf4 31. Bxf4 Ncxe5 32. Kb1 Nxc4 33. Qd3 Qxf4 34. Qxc4+ Qf7 35. Rc1 Qxc4 36. Rxc4 Rf5 37. Rhc1 Bf8 38. b4 cxb4 39. Rxd4 Nb6 40. Nxb6 axb6 41. Rd7 1-0


[Site "https://www.chess.com"]

[Event "Titled Tuesday Blitz September 13 Early 2022"]
[White "Terry, Renato"]
[Black "Sychev, Klementy"]
[WhiteFideId "3803457"]
[BlackFideId "4114060"]
[WhiteElo "2577"]
[BlackElo "2564"]
[Result "1-0"]
[Round "07"]
[TimeControl "180+1"]
[Date "2022.09.13"]
[WhiteClock "0:00:37"]
[BlackClock "0:00:01"]

1. d4 Nf6 2. c4 c5 3. Nf3 cxd4 4. Nxd4 e5 5. Nb5 d5 6. cxd5 Bc5 7. e3 O-O 8. N5c3 Bf5 9. Be2 Nbd7 10. Nd2 Bb4 11. O-O Bxc3 12. bxc3 Nxd5 13. Qb3 Nc5 14. Qa3 Na4 15. c4 Ndc3 16. Bd1 Nxd1 17. Rxd1 Bc2 18. Re1 Rc8 19. Qb4 Qb6 20. a3 a5 21. Qxb6 Nxb6 22. Bb2 f6 23. Bc3 Nxc4 24. Nxc4 Rxc4 25. Bxa5 b5 26. Bb4 Rd8 27. h3 Kf7 28. Ra2 g5 29. Rb2 h5 30. Ba5 Rd5 31. f3 Ba4 32. Rd2 Rxd2 33. Bxd2 Rc2 34. Bb4 Bb3 35. Rb1 Ba4 36. e4 Kg6 37. Re1 h4 38. Re3 Rc1+ 39. Kh2 Rc2 40. Rd3 Kf7 41. Rd7+ Kg6 42. Bf8 1-0


[Site "https://www.chess.com"]

[Event "Titled Tuesday Blitz September 13 Early 2022"]
[White "Van Foreest, Jorden"]
[Black "Bykhovsky, Anatoly"]
[WhiteFideId "1039784"]
[BlackFideId "2806991"]
[WhiteElo "2649"]
[BlackElo "2540"]
[Result "1-0"]
[Round "07"]
[TimeControl "180+1"]
[Date "2022.09.13"]
[WhiteClock "0:02:11"]
[BlackClock "0:00:43"]

1. Nf3 Nf6 2. c4 c5 3. Nc3 Nc6 4. d4 cxd4 5. Nxd4 e6 6. g3 d5 7. Bg2 Bb4 8. O-O O-O 9. cxd5 exd5 10. Bg5 h6 11. Nxd5 hxg5 12. Nxc6 bxc6 13. Nxb4 Qb6 14. Nxc6 Bb7 15. Qd4 Qb5 16. a4 Qxe2 17. Rfe1 Qa6 18. Nb4 Qa5 19. Bxb7 1-0


[Site "https://www.chess.com"]